[Event "Leiden Chess Tournament"]
[Site "Leiden"]
[Date "2017.07.22"]
[Round "8"]
[White "Le Clercq, Maxim"]
[Black "Geboers, Jimmy"]
[Result "1-0"]
[ECO "C02"]
[WhiteElo "1906"]
[BlackElo "1852"]
[Annotator "NA"]
[PlyCount "75"]
[EventDate "2017.??.??"]
[EventCountry "NED"]
[SourceTitle "playchess.com"]
[Source "ChessBase"]
[SourceQuality "1"]
[TimeControl "40/5400+30:1800+30"]

1. e4 e6 2. d4 d5 3. e5 c5 4. c3 Nc6 5. Nf3 Qb6 6. a3 a5 7. a4 {LiveBook: 3 Games} cxd4 8. cxd4 Bb4+ 9. Nc3 Nge7 10. Bd3 Bd7 11. Be3 $11 Ng6 12. O-O Ngxe5 13. dxe5 d4 14. Nxd4 Nxd4 15. Bb5 Bc5 16. Bxd7+ Kxd7 17. Nb5 Rhd8 18. Bxd4 Bxd4 19. Qxd4+ Qxd4 20. Nxd4 Ke7 21. Nb5 Rd2 22. Rac1 Rad8 23. Rc7+ R8d7 24. Rfc1 Rxb2 25. g3 Rb4 26. Rxd7+ Kxd7 27. Rc7+ Ke8 28. Rxb7 Rxa4 29. Nd6+ Kf8 30. Rxf7+ Kg8 31. Re7 h6 32. Re8+ Kh7 33. Rxe6 Ra1+ 34. Kg2 a4 35. Nf5 a3 36. Ra6 a2 37. Ne3 Kg8 38. Nc2 1-0

[Event "Leiden Chess Tournament"]
[Site "Leiden"]
[Date "2017.07.22"]
[Round "8"]
[White "Van der Knaap, Jan"]
[Black "Coiffait, Casimir"]
[Result "0-1"]
[ECO "C02"]
[WhiteElo "1866"]
[BlackElo "1853"]
[Annotator "NA"]
[PlyCount "94"]
[EventDate "2017.??.??"]
[EventCountry "NED"]
[SourceTitle "playchess.com"]
[Source "ChessBase"]
[SourceQuality "1"]
[TimeControl "40/5400+30:1800+30"]

1. e4 e6 2. d4 d5 3. e5 c5 4. c3 Nc6 5. Nf3 Bd7 6. a3 f6 7. Bd3 fxe5 {LiveBook: 54 Games} 8. Nxe5 Nxe5 9. dxe5 g6 10. O-O Nh6 11. Nd2 Nf7 $14 12. f4 Bg7 13. Nf3 Qc7 14. Be3 O-O-O 15. b4 c4 16. Bc2 g5 17. Qe2 gxf4 18. Bxf4 Rdf8 19. Rae1 Qd8 20. Qe3 Kb8 21. Nd4 h5 22. Bg6 Nh6 23. h3 h4 24. Bg5 Qc8 25. Rf4 Be8 26. Bc2 Nf7 27. Bf6 Bh6 28. Bxh8 Rxh8 29. Qf2 Bxf4 30. Qxf4 Qd7 31. Rf1 Qe7 32. Bg6 Nd8 33. Qf6 Qxf6 34. Rxf6 Bxg6 35. Rxg6 Rh5 36. Nxe6 Nxe6 37. Rxe6 Kc7 38. Kf2 Rg5 39. Re7+ Kc6 40. Rh7 Rf5+ 41. Kg1 Rf4 42. Rh6+ Kc7 43. Rd6 d4 44. cxd4 c3 45. Rd5 b6 46. e6 c2 47. Rd7+ Kc8 0-1

[Event "Leiden Chess Tournament"]
[Site "Leiden"]
[Date "2017.07.23"]
[Round "9"]
[White "Warmerdam, Max"]
[Black "De Rover, Yong Hoon"]
[Result "0-1"]
[ECO "B90"]
[WhiteElo "2357"]
[BlackElo "2385"]
[Annotator "NA"]
[PlyCount "66"]
[EventDate "2017.??.??"]
[EventCountry "NED"]
[SourceTitle "playchess.com"]
[Source "ChessBase"]
[SourceQuality "1"]
[TimeControl "40/5400+30:1800+30"]

1. e4 c5 2. Nf3 d6 3. d4 cxd4 4. Nxd4 Nf6 5. Nc3 a6 6. Be3 e5 7. Nb3 Be6 8. f3 h5 9. Qd2 Nbd7 10. Nd5 {B90: Sicilian Najdorf: Unusual White 6th moves, 6 Be3 Ng4 and 6 Be3 e5} Bxd5 11. exd5 g6 12. Be2 (12. O-O-O Nb6 13. Qa5 Bh6 14. Bxh6 Rxh6 15. Qd2 Rh8 16. f4 exf4 17. Qxf4 {½-½ (57) Ponomariov,R (2699)-Wang,H (2698) Danzhou 2017}) 12... Bg7 13. c4 b6 14. O-O O-O {LiveBook: 19 Games} 15. Rac1 a5 16. Na1 Nc5 17. Nc2 Qd7 $146 ({Predecessor:} 17... Nfd7) 18. Na3 e4 19. Nb5 exf3 20. Bxf3 Ng4 21. Bxg4 hxg4 22. Bf4 Ne4 23. Qe3 f5 24. Qxb6 Rfd8 25. Rc2 g5 26. Be3 {[#]} Rdc8 (26... f4 $1 $19 27. Bd4 g3) 27. Rfc1 f4 $15 28. Bd4 Rab8 29. Qa6 g3 30. hxg3 fxg3 31. Bxg7 Qxg7 32. Re1 Qh7 33. Rxe4 Rf8 0-1

[Event "Leiden Chess Tournament"]
[Site "Leiden"]
[Date "2017.07.23"]
[Round "9"]
[White "Holwijn, Melvin"]
[Black "Le Clercq, Maxim"]
[Result "1-0"]
[ECO "D46"]
[WhiteElo "1932"]
[BlackElo "1906"]
[Annotator "NA"]
[PlyCount "150"]
[EventDate "2017.??.??"]
[EventCountry "NED"]
[SourceTitle "playchess.com"]
[Source "ChessBase"]
[SourceQuality "1"]
[TimeControl "40/5400+30:1800+30"]

1. d4 d5 2. Nf3 Nf6 3. c4 e6 4. Nc3 c6 5. e3 Nbd7 6. Bd3 Bd6 7. O-O O-O 8. e4 dxe4 9. Nxe4 Nxe4 10. Bxe4 f5 11. Bc2 Nf6 12. Re1 Qc7 13. c5 Bf4 14. Ne5 Bxe5 15. dxe5 Nd5 16. g4 fxg4 17. Qxg4 Qf7 18. Qh4 h6 19. Re4 Qg6+ 20. Kh1 Qf5 21. Bxh6 Qxf2 22. Bxg7 Qxh4 23. Rxh4 Rf4 24. Rg1 Rxh4 25. Bf6+ Kf8 26. Bxh4 b6 27. Rf1+ Kg7 28. cxb6 axb6 29. Rg1+ Kf8 30. a3 Ra7 31. Bg5 Ba6 32. Bh6+ Ke8 33. Rg8+ Kd7 34. Bg5 Rb7 35. h4 Ne7 36. Bxe7 Kxe7 37. Bd3 Kf7 38. Bxa6 Ra7 39. Rc8 Rxa6 40. Rxc6 Ra4 41. Rxb6 Rxh4+ 42. Kg2 Re4 43. Rb5 Ke7 44. Kf3 Re1 45. b4 Kd7 46. a4 Kc6 47. Kf4 Re2 48. Kg5 Rf2 49. Ra5 Kb6 50. Kg6 Rf4 51. Rb5+ Kc6 52. Rb8 Kc7 53. Rb5 Kc6 54. Rc5+ Kd7 55. Rb5 Kc6 56. Kg5 Rf5+ 57. Kg4 Rf1 58. Rc5+ Kb7 59. a5 Rb1 60. b5 Ra1 61. a6+ Kb6 62. Rc6+ Kxb5 63. Rxe6 Kc5 64. Rd6 Rf1 65. a7 Ra1 66. Rd7 Kc6 67. e6 Ra5 68. Rf7 Kd6 69. e7 Kd7 70. Rh7 Ra4+ 71. Kf5 Ra5+ 72. Kf6 Ra6+ 73. Kf7 Rxa7 74. e8=Q+ Kd6+ 75. Kg8 Kd5 1-0

[Event "Leiden Chess Tournament"]
[Site "Leiden"]
[Date "2017.07.23"]
[Round "9"]
[White "Coiffait, Casimir"]
[Black "Thibaut-Coignec, Leopold"]
[Result "1-0"]
[ECO "D05"]
[WhiteElo "1853"]
[BlackElo "1648"]
[Annotator "NA"]
[PlyCount "55"]
[EventDate "2017.??.??"]
[EventCountry "NED"]
[SourceTitle "playchess.com"]
[Source "ChessBase"]
[SourceQuality "1"]
[TimeControl "40/5400+30:1800+30"]

1. d4 d5 2. Nf3 Nf6 3. e3 e6 4. Bd3 c5 5. b3 Nc6 6. Bb2 Bd6 7. O-O O-O 8. Ne5 Qc7 9. f4 b6 10. dxc5 Bxc5 11. Nxc6 Bxe3+ 12. Kh1 Qxc6 13. Bxf6 e5 14. Bxe5 Bb7 15. Qf3 d4 16. Qxc6 Bxc6 17. c3 dxc3 18. Nxc3 Rfd8 19. Be4 Rac8 20. Bxc6 Rxc6 21. Rad1 Rxd1 22. Rxd1 Rc8 23. Nd5 Bc5 24. b4 Bf8 25. f5 Rd8 26. Nf6+ gxf6 27. Rxd8 fxe5 28. f6 1-0